 Dungeon Crawl Stone Soup version 0.31.0-11-ge490571c62 (webtiles) character file.

Game seed: 15933303075612885097

374 qw the Shooter (level 6, 0/30 HPs)
             Began as a Spriggan Hunter on Feb 4, 2024.
             Slain by Edmund
             ... wielding a +4 flail of protection
              (13 damage)
             ... on level 4 of the Dungeon.
             The game lasted 00:00:13 (3260 turns).

qw the Shooter (Spriggan Hunter)                    Turns: 3260, Time: 00:00:14

Health: 0/30       AC:  2    Str: 11 (13) XL:     6   Next: 43%
Magic:  7/7        EV: 21    Int:  9 (11) God:
Gold:   180        SH:  0    Dex: 20      Spells: 5/5 levels left

rFire   . . .        a - +1 shortbow
rCold   . . .        (shield currently unavailable)
rNeg    . . .        c - +0 robe
rPois   .            (helmet restricted)
rElec   .            (no cloak)
rCorr   .            (gloves unavailable)
SInv    +            (boots unavailable)
Will    +....        (no amulet)
Stlth   ++           d - +6 ring of strength
HPRegen 0.25/turn    (no ring)
MPRegen 0.10/turn

%: no passive effects
@: very quick
A: very small, no large weapons, unfitting armour, see invisible, speed 3
a: no special abilities


You were on level 4 of the Dungeon.
You visited 1 branch of the dungeon, and saw 4 of its levels.

You collected 180 gold pieces.


Innate Abilities, Weirdness & Mutations

You are very small and have problems with some larger weapons.
You are too small for most types of armour.
You have supernaturally acute eyesight. (SInv)
You cover ground extremely quickly. (Speed+++)


   Skills:
 - Level 2.1 Fighting
 + Level 6.3 Ranged Weapons
 - Level 6.1 Dodging
 - Level 1.5 Stealth


You had 5 spell levels left.
You didn't know any spells.
Your spell library was empty.

Inventory:

Hand Weapons
 a - a +1 shortbow (weapon)
Armour
 c - a +0 robe (worn)
Jewellery
 d - a +6 ring of strength (left hand)
 e - a ring of ice
 j - a ring of positive energy
Wands
 f - a wand of iceblast (7)
 i - a wand of paralysis (14)
Scrolls
 h - a scroll of revelation {unknown}
Potions
 b - 2 potions of curing
 g - a potion of magic {unknown}
 l - a potion of attraction {unknown}

Dungeon Overview and Level Annotations

Branches:
Dungeon (4/15)
 Temple: D:4-7

Altars:

Shops:
D:2 =   D:3 (

Annotations:
D:4 Edmund, Eustachio


Message History

The arrow hits Edmund but does no damage.
Edmund completely misses you.
You shoot an arrow. The arrow closely misses Edmund.
Edmund hits you with a +4 flail of protection.
You shoot an arrow. The arrow hits Edmund.
Edmund is lightly wounded.
Edmund hits you with a +4 flail of protection!
You shoot an arrow.
The arrow hits Edmund but does no damage.
Edmund is lightly wounded.
Edmund barely misses you.
You shoot an arrow.
The arrow hits Edmund but does no damage.
Edmund is lightly wounded.
Edmund barely misses you.
You shoot an arrow.
The arrow hits Edmund but does no damage.
Edmund is lightly wounded.
Edmund closely misses you.
You shoot an arrow.
The arrow hits Edmund but does no damage.
Edmund is lightly wounded.
Edmund misses you.
You shoot an arrow. The arrow closely misses Edmund.
Edmund completely misses you.
You shoot an arrow.
The arrow hits Edmund but does no damage.
Edmund is lightly wounded.
Edmund misses you.
You shoot an arrow. The arrow barely misses Edmund.
Edmund hits you with a +4 flail of protection.
You shoot an arrow.
The arrow hits Edmund but does no damage.
Edmund is lightly wounded.
Edmund barely misses you.
You shoot an arrow. The arrow hits Edmund.
Edmund is lightly wounded.
Edmund hits you with a +4 flail of protection!
You die...
Edmund says, "That'll show my brother!"

#...### .....# #....#
######### #....#
#.....(.# #....#
#.......### +....#
#?|..[.....
#.#.#....####.....[....
#>....@................
#.#.#@#######..........
#o #.......%.. .o
#.......... #.$
########... #.# #... ..
#### ##


You could see Edmund and 2 orcs.

Vanquished Creatures
  A bullfrog (D:4)
  A hound (D:3)
  A jelly (D:3)
  Jessica (D:2)
  An iguana (D:4)
  Ijyb (D:3)
  2 orc wizards
  4 adders
  A dart slug (D:4)
  9 orcs
  7 endoplasms
  3 giant cockroaches
  4 goblins
  7 hobgoblins
  10 jackals
  3 kobolds
  2 quokkas
  4 ball pythons
  4 bats
  5 frilled lizards
  7 rats
78 creatures vanquished.

Notes
Turn   | Place    | Note
-------+----------+-------------------------------------------
     0 | D:1      | qw the Spriggan Hunter began the quest for the Orb.
     0 | D:1      | Reached XP level 1. HP: 10/10 MP: 2/2
     0 | D:1      | Noticed an orb of fire
     0 | D:1      | Noticed a red draconian
     0 | D:1      | 0 ||| qw: Version: 0.3-a-160-g6735b56
     0 | D:1      | 0 ||| qw: Game counter: 4900
     0 | D:1      | 0 ||| qw: Melee chars always use a shield: true
     0 | D:1      | 0 ||| qw: God list: Okawaru
     0 | D:1      | 0 ||| qw: Allow faded altars: false
     0 | D:1      | 0 ||| qw: Do Orc after clearing Dungeon:15 true
     0 | D:1      | 0 ||| qw: Do second Lair branch before Depths: true
     0 | D:1      | 0 ||| qw: Lair rune preference: random
     0 | D:1      | 0 ||| qw: Goals: Normal
     0 | D:1      | 0 ||| PLANNING D:1-11
     1 | D:1      | Noticed a shadow dragon
     3 | D:1      | Noticed a yellow draconian
     5 | D:1      | Noticed a tentacled monstrosity
     7 | D:1      | Noticed a tentacled monstrosity
     8 | D:1      | Noticed an orb of fire
    11 | D:1      | Noticed an iron dragon
    13 | D:1      | Noticed a shadow dragon
    13 | D:1      | Noticed a golden dragon
    15 | D:1      | Noticed a tentacled monstrosity
    15 | D:1      | Noticed an orb of fire
    17 | D:1      | Noticed a shadow dragon
    17 | D:1      | Noticed a black draconian
    21 | D:1      | Noticed a tentacled monstrosity
    32 | D:1      | Reached skill level 3 in Dodging
   151 | D:1      | Reached XP level 2. HP: 13/14 MP: 3/3
   175 | D:1      | Found a faded altar of an unknown god.
   295 | D:1      | You fall into a shaft and drop 1 floor!
   336 | D:2      | 336 ||| READING scroll labelled PAEWKUR MISUM.
   337 | D:2      | 337 ||| READING scroll labelled SOAXTO PEFORR.
   338 | D:2      | 338 ||| DROPPING scroll of butterflies.
   779 | D:1      | 779 ||| READING scroll labelled DONAJU XENETH.
   779 | D:1      | 779 ||| ENCHANTING +0 shortbow.
   852 | D:2      | Reached XP level 3. HP: 18/18 MP: 4/4
  1155 | D:2      | Identified the +5 dagger of Dishonour {elec, rElec rC+
                  | Int-3}
  1321 | D:2      | Noticed Jessica
  1326 | D:2      | Killed Jessica
  1342 | D:2      | Reached XP level 4. HP: 22/22 MP: 5/5
  1482 | D:2      | Found Wida Migg's Jewellery Boutique.
  1488 | D:2      | 1488 ||| SHOPLISTING +4 ring of slaying (936 gold, have
                  | 79).
  1488 | D:2      | 1488 ||| SHOPLISTING +6 ring of dexterity (432 gold, have
                  | 79).
  1488 | D:2      | 1488 ||| SHOPLISTING amulet of the acrobat (360 gold, have
                  | 79).
  1488 | D:2      | 1488 ||| SHOPLISTING ring of fire (300 gold, have 79).
  1741 | D:2      | 1741 ||| READING scroll labelled YWILEJAOSH.
  1741 | D:2      | 1741 ||| ENCHANTING +0 shortbow.
  1742 | D:2      | 1742 ||| READING scroll labelled DOGRERCH KOUGOCK.
  1742 | D:2      | 1742 ||| IDENTIFYING brown potion
  1743 | D:2      | 1743 ||| READING scroll labelled WIGUJOA GAKLA.
  1744 | D:2      | 1744 ||| READING scroll labelled LUTEGI BUID.
  1745 | D:2      | 1745 ||| READING scroll labelled QIYNORAOLI.
  1864 | D:3      | Found Cahah's Antique Weapon Emporium.
  1972 | D:3      | Reached XP level 5. HP: 17/26 MP: 6/6
  2596 | D:3      | Noticed Ijyb
  2603 | D:3      | Killed Ijyb
  2769 | D:3      | 2769 ||| DRINKING 2 fuming red potions.
  2770 | D:3      | 2770 ||| DROPPING potion of degeneration.
  2797 | D:4      | 2797 ||| STAIRDANCE
  2801 | D:4      | 2801 ||| STAIRDANCE
  2902 | D:4      | Noticed Eustachio
  2903 | D:4      | 2903 ||| ZAPPING wand of paralysis (16) at 5,-7 (Eustachio;
                  | floor).
  2904 | D:4      | 2904 ||| ZAPPING wand of paralysis (15) at 4,-6 (Eustachio;
                  | floor).
  2913 | D:4      | 2913 ||| RETREEEEATING.
  2914 | D:4      | 2914 ||| ZAPPING wand of iceblast (10) at 1,-5 (Eustachio;
                  | floor).
  2915 | D:4      | 2915 ||| ZAPPING wand of iceblast (9) at 1,-5 (Eustachio;
                  | floor).
  2919 | D:4      | 2919 ||| RETREEEEATING.
  2921 | D:4      | 2921 ||| RETREEEEATING.
  2925 | D:4      | Reached skill level 6 in Ranged Weapons
  2925 | D:4      | Reached XP level 6. HP: 17/30 MP: 7/7
  2925 | D:4      | 2925 ||| FLEEEEING.
  2929 | D:4      | HP: 4/30 [quokka[Eustachio] (5)]
  2930 | D:4      | 2930 ||| READING scroll of teleportation.
  2933 | D:4      | 2933 ||| ZAPPING wand of iceblast (8) at 2,1 (Eustachio;
                  | floor).
  3046 | D:4      | 3046 ||| FLEEEEING.
  3047 | D:4      | 3047 ||| FLEEEEING.
  3048 | D:4      | 3048 ||| FLEEEEING.
  3049 | D:4      | 3049 ||| FLEEEEING.
  3050 | D:4      | 3050 ||| FLEEEEING.
  3057 | D:4      | 3057 ||| STAIRDANCE
  3092 | D:3      | 3092 ||| UPGRADING to +6 ring of strength.
  3123 | D:4      | 3123 ||| STAIRDANCE
  3246 | D:4      | Noticed Edmund
  3248 | D:4      | Reached skill level 6 in Dodging
  3260 | D:4      | Slain by Edmund

Levels and vault maps discovered:
D:1:      shiori_arrival_whats_in_store_for_you, layout_basic,
          hellmonk_ecumenical_altar_run_dry, kennysheep_another_room
D:2:      layout_loops_corners, serial_shops,
          nicolae_shop_pleasant_corner_grove, uniq_jessica
D:3:      layout_loops_corners, serial_shops, nicolae_shop_overgrown_old_shop,
          uniq_ijyb
D:4:      layout_basic, uniq_duvessa, uniq_eustachio, uniq_edmund

Skill      XL: |  1  2  3  4  5  6 |
---------------+-------------------+-----
Dodging        | 3 4 5 6 |  6.1
Ranged Weapons | 5 6 |  6.3
Fighting       | 2 |  2.1
Stealth        | |  1.5

Action                     |  1- 3 |  4- 6 || total
---------------------------+-------+-------++-------
   Fire: Shortbow          |    82 |   184 ||   266
  Evoke: Wand              |       |     5 ||     5
    Use: Scroll            |     3 |     6 ||     9
         Potion            |       |     1 ||     1
 Armour: Robe              |     6 |    35 ||    41
  Dodge: Dodged            |    29 |    98 ||   127

Table legend:
 A = Non-vault XP
 B = Vault XP
 C = Vault XP percentage of total XP
 D = Non-vault monster count
 E = Vault monster count
 F = Vault count percentage of total count
                 A         B        C        D         E       F
            +---------+---------+-------+---------+---------+-------
      Total |     462 |      73 |  13.6 |      76 |       2 |   2.6
            +---------+---------+-------+---------+---------+-------
        D:1 |      40 |       0 |   0.0 |      24 |       0 |   0.0
        D:2 |      36 |      37 |  50.7 |      16 |       1 |   5.9
        D:3 |     198 |      36 |  15.4 |      24 |       1 |   4.0
        D:4 |     188 |       0 |   0.0 |      12 |       0 |   0.0
            +---------+---------+-------+---------+---------+-------
